 Dungeon Crawl Stone Soup version 0.27.1-3-gb3d3a73c9e (webtiles) character file.

Game seed: 13069370767250359673

288 r3algood4 the Shield-Bearer (level 6, 0/56 HPs)
             Began as a Minotaur Fighter on Oct 5, 2021.
             Slain by an ufetubus (2 damage)
             ... on level 6 of the Dungeon on Oct 6, 2021.
             The game lasted 00:03:26 (1932 turns).

r3algood4 the Shield-Bearer (Minotaur Fighter)      Turns: 1932, Time: 00:03:27

Health: 0/56       AC:  7    Str: 23    XL:     6   Next: 9%
Magic:  5/5        EV:  8    Int:  5    God:
Gold:   89         SH: 10    Dex:  9    Spells: 5/5 levels left

rFire    . . .     SeeInvis .   a - +0 long sword
rCold    . . .     Faith    .   c - +0 kite shield
rNeg     . . .     Spirit   .   b - +0 scale mail
rPois    .         Reflect  .   (helmet restricted)
rElec    .         Harm     .   (no cloak)
rCorr    .         Rampage  .   (no gloves)
Will     .....                  (no boots)
Stlth    ..........             (no amulet)
HPRegen  0.18/turn              (no ring)
MPRegen  0.09/turn              (no ring)

@: no status effects
A: horns 2, retaliatory headbutt
a: no special abilities


You were on level 6 of the Dungeon.
You visited 1 branch of the dungeon, and saw 6 of its levels.

You collected 89 gold pieces.

Inventory:

Hand Weapons
 a - a +0 long sword (weapon)
Armour
 b - a +0 scale mail (worn)
 c - a +0 kite shield (worn)
 k - a +0 kite shield
Jewellery
 g - an amulet of faith
Scrolls
 l - a scroll of silence {unknown}
Potions
 d - a potion of might
 e - 3 potions of brilliance {unknown}
 f - 2 potions of curing {unknown}
 h - a potion of invisibility {unknown}
 i - a potion of haste {unknown}
 j - a potion of flight {unknown}


   Skills:
 + Level 5.1 Fighting
 + Level 4.3 Long Blades
 + Level 5.1 Armour
 + Level 5.2 Shields


You had 5 spell levels left.
You didn't know any spells.
Your spell library was empty.

Dungeon Overview and Level Annotations

Branches:
Dungeon (6/15)
 Temple: D:4-7

Altars:
Qazlal
Uskayaw
Vehumet
Wu Jian

Annotations:
D:5 Pikel


Innate Abilities, Weirdness & Mutations

You have a pair of horns on your head.
You reflexively headbutt those who attack you in melee.


Message History

You feel stronger. The phantom hits you.
The phantom blinks!
You blink.
An orc, an orc warrior and a necrophage come into view.
You closely miss the phantom. Your headbutt misses the phantom.
The orc warrior shouts!
You hear a shout! x2
An ufetubus comes into view.
You block the phantom's attack.
Your shield prevents you from hitting the phantom.
You headbutt the phantom, but do no damage.
The phantom hits you but does no damage. x2
You hit the phantom.
The phantom is lightly damaged.
An orc comes into view.
It is wielding a +0 flail and wearing a +1 leather armour of cold resistance.
You block the phantom's attack. The orc hits you with a +0 whip.
You block the phantom's attack.
The orc warrior hits you with a +0 war axe!
* * * LOW HITPOINT WARNING * * *
Found 17 arrows.
You open the door. The ufetubus completely misses you.
The ufetubus hits you but does no damage.
There is an open door here.
An orc priest comes into view. It is wielding a +0 dagger.
The orc priest shouts!
You hear a shout! x2
You block the ufetubus's attack. The ufetubus hits you.
An orc wizard comes into view. It is wielding a +0 dagger.
An orc priest comes into view. It is wielding a +0 club.
The orc priest shouts!
An orc comes into view. It is wielding a +0 hand axe.
You block the ufetubus's attack. x2
The orc priest looks satisfied for a moment.
The orc priest calls down the wrath of Beogh upon you.
Beogh smites you!
* * * LOW HITPOINT WARNING * * *
The ufetubus hits you.
* * * LOW HITPOINT WARNING * * *
You block the ufetubus's attack.
The orc priest hits you but does no damage.
You block the ufetubus's attack. The ufetubus hits you.
You die...

#....# #....+
#####....##
########
.....<....#
#.......
..........#
#.......
..........+ #.....
..........###+##oo.
#######........o.#
#..#........o@+
#..#........5.# +
##.?#........n.#
###.Š'........W.#
....###...^......#
..o.###########o###
.........o.o..o...#
###.......oW......#
+ ##..............#


You could see an orc warrior, a phantom, a necrophage, 2 orc priests, an orc
wizard, 2 orcs and an ufetubus.

Vanquished Creatures
  A sky beast (D:6)
  A lemure (D:6)
  A centaur skeleton (D:4)
  A hound (D:4)
  A bullfrog skeleton (D:4)
  2 iguanas (D:4)
  2 adders
  An orc (D:4)
  6 ball pythons
  4 endoplasms
  2 giant cockroaches
  7 goblins
  2 hobgoblins (D:1)
  3 quokkas (D:1)
  2 bats
  6 rats
42 creatures vanquished.

Notes
Turn   | Place    | Note
-------+----------+-------------------------------------------
     0 | D:1      | r3algood4 the Minotaur Fighter began the quest for the Orb.
     0 | D:1      | Reached XP level 1. HP: 19/19 MP: 0/0
   282 | D:1      | Reached XP level 2. HP: 26/27 MP: 1/1
   814 | D:2      | Reached XP level 3. HP: 20/33 MP: 2/2
  1016 | D:4      | Reached XP level 4. HP: 37/41 MP: 3/3
  1091 | D:4      | Reached XP level 5. HP: 38/47 MP: 4/4
  1583 | D:4      | Found a stormy altar of Qazlal.
  1584 | D:4      | Found a radiant altar of Vehumet.
  1584 | D:4      | Found a hide-covered altar of Uskayaw.
  1586 | D:4      | Found an ornate altar of the Wu Jian Council.
  1590 | D:5      | Entered Level 5 of the Dungeon
  1590 | D:5      | Noticed a lemure
  1590 | D:5      | Noticed an ogre
  1591 | D:5      | Noticed Pikel
  1591 | D:5      | Noticed a lemure
  1591 | D:5      | Noticed a lemure
  1591 | D:5      | Noticed a lemure
  1604 | D:6      | Killed a lemure
  1895 | D:6      | Noticed a sky beast
  1895 | D:6      | Noticed a phantom
  1904 | D:6      | Killed a sky beast
  1905 | D:6      | Reached skill level 5 in Fighting
  1905 | D:6      | Reached skill level 5 in Armour
  1905 | D:6      | Reached skill level 5 in Shields
  1905 | D:6      | Reached XP level 6. HP: 33/56 MP: 5/5
  1905 | D:6      | Noticed an orc warrior
  1932 | D:6      | HP: 2/56 [ufetubus (2)]
  1932 | D:6      | Slain by an ufetubus

Illustrated notes

Levels and vault maps discovered:
D:1:      noname_arrival_rooms_in_the_neighbourhood, layout_basic,
          shapermc_ecumenical_altar_petra
D:2:      layout_loops_ring, item_on_display_a
D:3:      layout_basic, mainiacjoe_overflow_alcove_1, serial_shops,
          nicolae_diamond_shop
D:4:      minmay_evil_eye, layout_basic, makhleb_blood_cavern_becter,
          grunt_temple_overflow_open, gammafunk_ghost_cemetery
D:5:      layout_layer_cave, minmay_temple_entry_statues_fountains, uniq_pikel,
          uniq_eustachio
D:6:      layout_gridville, lemuel_tele_altar, grunt_ministairs_6,
          lexackson_kobold_supper, uniq_sigmund

Skill      XL: |  1  2  3  4  5 |
---------------+----------------+-----
Shields        | 4 5 |  5.2
Fighting       | 4 5 |  5.1
Long Blades    | 3 4 |  4.3
Armour         | 4 5 |  5.1

Action                   |  1- 3 |  4- 6 || total
-------------------------+-------+-------++-------
Melee: Long sword        |    44 |    51 ||    95
       Headbutt          |     8 |    10 ||    18
Armor: Scale mail        |    50 |    29 ||    79
Dodge: Dodged            |    35 |    16 ||    51
Block: Kite shield       |    51 |    42 ||    93
       Rpst.: Long sword |    12 |     2 ||    14
